 Dungeon Crawl Stone Soup version 0.31.0-32-g396128a36d (webtiles) character file.

Game seed: 992140957929100589

200 spaghetti the Caller (level 5, 0/43 HPs)
             Began as a Naga Summoner on Mar 9, 2024.
             Slain by a +4 spectral club (8 damage)
             ... created by Ijyb
             ... on level 4 of the Dungeon.
             The game lasted 00:03:34 (3520 turns).

spaghetti the Caller (Naga Summoner)                Turns: 3520, Time: 00:03:34

Health: 0/43       AC:  2    Str: 10    XL:     5   Next: 78%
Magic:  7/8        EV: 10    Int: 18    God:
Gold:   179        SH:  0    Dex: 11    Spells: 2/8 levels left

rFire   . . .        e - +1 short sword (venom)
rCold   . . .        (no shield)
rNeg    . . .        a - +0 robe
rPois   +            (no helmet)
rElec   .            (no cloak)
rCorr   .            (no gloves)
SInv    +            (no barding)
Will    .....        q - amulet of magic regeneration
Stlth   ++           (no ring)
HPRegen 0.27/turn    (no ring)
MPRegen 0.51/turn

%: no passive effects
@: inugami summoned, very slow
A: AC +1, large, see invisible, deformed body, poison resistance, slowness 2,
spit poison 1, naga tail 1
a: Spit Poison


You were on level 4 of the Dungeon.
You visited 1 branch of the dungeon, and saw 4 of its levels.

You collected 179 gold pieces.

Inventory:

Hand Weapons
 d - a +0 dagger of venom
 e - a +1 short sword of venom (weapon)
Missiles
 i - 2 poisoned darts
 k - 2 throwing nets
Armour
 a - a +0 robe (worn)
Jewellery
 q - an amulet of magic regeneration (around neck)
Wands
 n - a wand of flame (7)
Scrolls
 c - 2 scrolls of acquirement {unknown}
 f - a scroll of enchant armour {unknown}
 g - a scroll of revelation {unknown}
 h - 2 scrolls of teleportation {unknown}
 l - a scroll of identify {unknown}
 m - a scroll of vulnerability {unknown}
 o - a scroll of fear {unknown}
 p - a scroll of noise {unknown}
Potions
 b - a potion of magic
 j - 2 potions of curing
 r - 2 potions of lignification {unknown}


   Skills:
 - Level 0.8 Fighting
 - Level 1.8 Dodging
 - Level 3.4 Stealth
 - Level 2.2 Spellcasting
 + Level 6.4 Summonings


You had 2 spell levels left.
You knew the following spells:

 Your Spells              Type           Power      Damage    Failure   Level
a - Summon Small Mammal   Summ           100%       N/A       1%          1
b - Call Imp              Summ           50%        N/A       1%          2
c - Call Canine Familiar  Summ           25%        N/A       3%          3

Your spell library contained the following spells:

 Spells                   Type           Power      Damage    Failure   Level
 Lesser Beckoning         Tloc           2%         N/A       26%         2
 Summon Blazeheart Golem  Fire/Summ      13%        N/A       43%         4
 Summon Lightning Spire   Summ/Air       13%        N/A       43%         4
 Gell's Gravitas          Tloc           1%         N/A       47%         3
 Teleport Other           Tloc           1%         N/A       47%         3


Dungeon Overview and Level Annotations

Branches:
Dungeon (4/15)
 Temple: D:4-7

Altars:

Shops:
D:2 (

Annotations:
D:3 2 transporters, Traejeek's ghost, amateur DrMo
D:4 Ijyb


Innate Abilities, Weirdness & Mutations

Your serpentine skin is tough. (AC +1)
You have supernaturally acute eyesight. (SInv)
Armour fits poorly on your strangely shaped body.
Your system is resistant to poisons. (rPois)
You cover ground very slowly.
You can spit poison.
You have a snake-like lower body.


Message History

The giant cockroach bites you but does no damage.
You barely miss the giant cockroach.
You feel sick. The giant cockroach bites you.
Ijyb zaps a wand.
Your mind is blasted!
Your inugami hits the giant cockroach.
You are too injured to fight recklessly!
You are too injured to fight recklessly!
You are too injured to fight recklessly!
Unknown command.
Casting: Call Imp (safe; 1% risk of failure)
Confirm with . or Enter, or press ? or * to list all spells.
A tiny devil pulls itself out of the air.
You feel sick.
The giant cockroach bites you but does no damage.
Your inugami closely misses the giant cockroach.
Ijyb screams, "I cut your head off!"
You are too injured to fight recklessly!
Casting: Call Imp (safe; 1% risk of failure)
Confirm with . or Enter, or press ? or * to list all spells.
You feel sick.
The giant cockroach bites you but does no damage.
The kobold throws a poisoned dart.
The poisoned dart misses your bat. The poisoned dart misses you.
Your inugami barely misses the giant cockroach.
The giant cockroach bites you.
Your cerulean imp hits the giant cockroach with a -2 spear.
The giant cockroach dies!
You hit Ijyb but do no damage.
Ijyb is poisoned.
You feel sick.
Your bat closely misses Ijyb.
Ijyb hits you with a +4 spectral club!
* * * LOW HITPOINT WARNING * * *
The +4 spectral club hits you.
* * * LOW HITPOINT WARNING * * *
Your cerulean imp closely misses Ijyb.
A +4 spectral club comes into view.
It was a potion of curing.
You feel better.
Your bat barely misses Ijyb.
An adder comes into view.
The kobold hits your bat but does no damage.
Ijyb hits you with a +4 spectral club.
* * * LOW HITPOINT WARNING * * *
The +4 spectral club hits you!
You die...

.S......# ........#
........# ........#
........# .......K#
......bg################
..<...h@(...............
......5.................
##################..####
##..### ##.... ##### #
####


You could see a +4 spectral club, Ijyb (very poisoned, ally target), an adder
(distracted), a kobold, a friendly cerulean imp (summoned), a friendly inugami
(summoned) and a friendly bat (summoned).

Vanquished Creatures
  A kobold brigand (D:4)
  An orc priest (D:3)
  2 adders
  2 ribbon worms (D:2)
  An orc (D:3)
  An endoplasm (D:2)
  2 giant cockroaches (D:1)
  2 goblins (D:1)
  2 hobgoblins (D:1)
  A jackal (D:1)
  2 ball pythons
  A bat (D:2)
  2 frilled lizards (D:1)
  2 kobolds
  2 rats
24 creatures vanquished.

Vanquished Creatures (collateral kills)
  2 dart slugs (D:1)
  6 orcs (D:3)
  A ball python (D:1)
  8 endoplasms
  A giant cockroach (D:4)
  3 hobgoblins (D:1)
  A jackal (D:1)
  2 quokkas (D:1)
  A bat (D:1)
  A frilled lizard (D:1)
  5 goblins
  3 kobolds
  3 rats
37 creatures vanquished.

Grand Total: 61 creatures vanquished

Notes
Turn   | Place    | Note
-------+----------+-------------------------------------------
     0 | D:1      | spaghetti the Naga Summoner began the quest for the Orb.
     0 | D:1      | Reached XP level 1. HP: 15/15 MP: 3/3
   108 | D:1      | Reached XP level 2. HP: 23/24 MP: 1/5
   366 | D:1      | Learned a level 2 spell: Call Imp
   413 | D:1      | Reached XP level 3. HP: 26/30 MP: 3/6
   755 | D:1      | Learned a level 3 spell: Call Canine Familiar
  1061 | D:2      | Found Vuuraduf's Antique Weapon Shop.
  1516 | D:2      | Reached skill level 5 in Summonings
  1516 | D:2      | Reached XP level 4. HP: 10/37 MP: 2/7
  2175 | D:3      | Found a transporter.
  2337 | D:3      | Found a faded altar of an unknown god.
  2414 | D:3      | Found a transporter.
  2417 | D:3      | Noticed Traejeek's ghost (amateur DrMo)
  2978 | D:3      | Reached XP level 5. HP: 34/43 MP: 8/8
  3342 | D:4      | Noticed a kobold brigand
  3354 | D:4      | Killed a kobold brigand
  3355 | D:4      | Reached skill level 6 in Summonings
  3514 | D:4      | Noticed Ijyb
  3520 | D:4      | Slain by a +4 spectral club

Illustrated notes

Levels and vault maps discovered:
D:1:      lightli_arrival_quake, layout_rooms, grunt_decor_resistance,
          minivault_4, minivault_27
D:2:      minmay_recursive_quarters, layout_loops_ring, serial_shops,
          nicolae_square_shop
D:3:      layout_basic, gammafunk_ghost_stat_death, basic_ecumenical_altar
D:4:      layout_basic, lemuel_temple_firewalk_a, uniq_ijyb

Skill      XL: |  1  2  3  4  5 |
---------------+----------------+-----
Summonings     | 5 6 |  6.4
Fighting       | |  0.8
Dodging        | |  1.8
Stealth        | |  3.4
Spellcasting   | |  2.2

Action                     |  1- 3 |  4- 6 || total
---------------------------+-------+-------++-------
  Melee: Unarmed           |    29 |       ||    29
         Punch             |     1 |       ||     1
         Short sword       |    22 |    46 ||    68
         Dagger            |    10 |       ||    10
   Cast: Summon Small Mamm |    21 |     1 ||    22
         Call Imp          |    12 |    10 ||    22
         Call Canine Famil |     4 |     8 ||    12
Ability: Spit Poison       |     4 |       ||     4
    Use: Potion            |       |     3 ||     3
   Stab: Sleeping          |     3 |       ||     3
         Distracted        |       |     1 ||     1
 Armour: Robe              |    45 |    29 ||    74
  Dodge: Dodged            |    30 |    17 ||    47
